 Dungeon Crawl Stone Soup version 0.19.1 (webtiles) character file.

224 Kikal the Sneak (level 5, -11/24 HPs)
             Began as a Spriggan Enchanter on Dec 2, 2016.
             Mangled by Eustachio
             ... wielding a +0 rapier of distortion
              (16 damage)
             ... on level 4 of the Dungeon.
             The game lasted 00:17:02 (5012 turns).

Kikal the Sneak (Spriggan Enchanter)                Turns: 5012, Time: 00:17:03

Health: -11/24     AC:  3    Str:  4    XL:     5   Next: 67%
Magic:  8/10       EV: 18    Int: 17    God:
Gold:   142        SH:  0    Dex: 17    Spells: 3 memorised, 4 levels left

rFire  . . .     SeeInvis +     a - +1 dagger
rCold  . . .     Gourm    .     b - +1 robe
rNeg   . . .     Faith    .     (shield restricted)
rPois  .         Spirit   .     (helmet restricted)
rElec  .         Reflect  .     (no cloak)
rCorr  .         Harm     .     (gloves unavailable)
MR     .....                    (boots unavailable)
Stlth  +++.......               (no amulet)
                                (no ring)
                                (no ring)

@: very quick
A: unfitting armour, see invisible, herbivore 3, speed 3, slow metabolism 2
a: no special abilities


You were on level 4 of the Dungeon.
You were not hungry.

You visited 1 branch of the dungeon, and saw 4 of its levels.

You collected 142 gold pieces.

Inventory:

Hand Weapons
 a - a +1 dagger (weapon)
Missiles
 i - 77 stones (quivered)
 n - 3 needles of sleeping
Armour
 b - a +1 robe (worn)
Jewellery
 r - an uncursed amulet of the gourmand {unknown}
Scrolls
 f - a scroll of enchant armour {unknown}
 g - 3 scrolls of remove curse {unknown}
 h - a scroll of recharging {unknown}
 j - 3 scrolls of identify {unknown}
 p - 2 scrolls of fear {unknown}
 t - a scroll of blinking {unknown}
 u - a scroll of immolation {unknown}
 w - a scroll of amnesia {unknown}
Potions
 e - a potion of mutation {unknown}
 k - 2 potions of lignification {unknown}
 l - a potion of degeneration {unknown}
 m - 2 potions of agility {unknown}
 o - 3 potions of curing {unknown}
 q - a potion of haste {unknown}
 s - a potion of heal wounds {unknown}
 v - 2 potions of brilliance {unknown}
Books
 c - a book of Maledictions

   Spells                             Type                      Level
   a - Corona                         Hexes                        1
   b - Ensorcelled Hibernation        Hexes/Ice                    2
   c - Confuse                        Hexes                        3
   d - Tukima's Dance                 Hexes                        3
   e - Dazzling Spray                 Conjuration/Hexes            3
Comestibles
 d - a bread ration


   Skills:
 - Level 5.0 Short Blades
 - Level 3.0 Dodging
 + Level 6.1 Stealth
 + Level 3.2 Spellcasting
 - Level 4.0 Hexes


You had 4 spell levels left.
You knew the following spells:

 Your Spells              Type           Power        Failure   Level  Hunger
a - Corona                Hex            ###....      3%          1    None
b - Ensorcelled Hibernat  Hex/Ice        #.....       14%         2    ##.....
c - Confuse               Hex            ###.....     12%         3    ###....


Dungeon Overview and Level Annotations

Branches:
Dungeon (4/15)
 Temple: D:4-7

Altars:
Ashenzari
Cheibriados
Uskayaw

Annotations:
D:4 Eustachio


Innate Abilities, Weirdness & Mutations

You are very small and have problems with some larger weapons.
You are too small for most types of armour.
You have supernaturally acute eyesight. (SInv)
You are a herbivore.
You cover ground extremely quickly.
You need consume almost no food.


Message History

Eustachio looks drowsy...
You now have 8/10 mp.
The helpless Eustachio fails to defend himself.
You skewer Eustachio like a kebab!!!
Eustachio is almost dead.
Eustachio closely misses you.
You closely miss Eustachio.
Eustachio is almost dead.
You hit Eustachio but do no damage.
Eustachio is almost dead.
Eustachio hits you with a rapier of distortion.
Space bends around you.
You take 10 damage, and have 14/24 hp.
MASSIVE DAMAGE!!
You hit Eustachio but do no damage.
Eustachio is almost dead.
Eustachio hits you with a rapier of distortion!
* * * LOW HITPOINT WARNING * * *
Space warps horribly around you!
Ouch! That really hurt!
You die...

#.#.#.####........###
# #.##.## #...#...##
#.##.##.#### #...#####
#.......# #...#
#.##.##.# #...#
#.##.## ...# #.....#
...#
####..#######@..####
#...!....@...<...
......................
......................
.####...<######...####
#...... ...# #........
...# #........# ..(#
#.#>...### ....


You could see Eustachio.

Vanquished Creatures
  A killer bee (D:2)
  An orc priest (D:3)
  Terence (D:2)
  An orc wizard (D:2)
  2 adders (D:2)
  A worm (D:2)
  2 dart slugs
  2 leopard geckos
  8 orcs
  2 ball pythons
  2 giant cockroaches (D:1)
  7 goblins
  6 hobgoblins
  3 jackals (D:1)
  2 quokkas (D:2)
  6 bats
  3 frilled lizards
  10 kobolds
  7 rats
67 creatures vanquished.

Vanquished Creatures (others)
  A worker ant (D:4)
  2 adders (D:4)
  An orc (D:4)
  A giant cockroach (D:4)
5 creatures vanquished.

Grand Total: 72 creatures vanquished

Notes
Turn   | Place    | Note
-------+----------+-------------------------------------------
     0 | D:1      | Kikal the Spriggan Enchanter began the quest for the Orb.
     0 | D:1      | Reached XP level 1. HP: 9/9 MP: 5/5
   163 | D:1      | Reached skill level 5 in Stealth
   370 | D:1      | Reached XP level 2. HP: 13/13 MP: 6/6
   391 | D:1      | Learned a level 2 spell: Ensorcelled Hibernation
  1216 | D:2      | Reached XP level 3. HP: 16/16 MP: 8/8
  1697 | D:2      | Noticed Terence
  1711 | D:2      | Killed Terence
  1952 | D:2      | Learned a level 3 spell: Confuse
  1959 | D:2      | Found a snail-covered altar of Cheibriados.
  1967 | D:2      | Found a faded altar of an unknown god.
  2255 | D:2      | Reached XP level 4. HP: 21/21 MP: 9/9
  2891 | D:2      | Found a hide-covered altar of Uskayaw.
  3187 | D:3      | Reached XP level 5. HP: 10/24 MP: 7/10
  3424 | D:3      | Found a shattered altar of Ashenzari.
  4429 | D:3      | Noticed a phantom
  4434 | D:3      | Reached skill level 5 in Short Blades
  4559 | D:2      | Reached skill level 6 in Stealth
  5001 | D:4      | Noticed Eustachio
  5012 | D:4      | Mangled by Eustachio

Skill      XL: |  1  2  3  4  5 |
---------------+----------------+-----
Stealth        | 5 6 |  6.1
Short Blades   | 2 3 4 5 |  5.0
Hexes          | 4 |  4.0
Spellcasting   | 3 |  3.2
Dodging        | |  3.0

Action                   |  1- 3 |  4- 6 || total
-------------------------+-------+-------++-------
Melee: Dagger            |   197 |   199 ||   396
Throw: Stone             |       |     1 ||     1
 Cast: Corona            |     8 |     3 ||    11
       Ensorcelled Hiber |     9 |    10 ||    19
       Confuse           |       |     6 ||     6
 Stab: Sleeping          |     9 |    10 ||    19
       Confused          |       |     3 ||     3
       Distracted        |       |     1 ||     1
  Eat: Bread ration      |       |     1 ||     1
Armor: Robe              |    26 |    17 ||    43
Dodge: Dodged            |   170 |    96 ||   266
